 Dungeon Crawl Stone Soup version 0.29.1-2-gbd0b4ee654 (webtiles) character file.

Game seed: 14078719262387654224

68 LustLizard the Insei (level 4, -3/28 HPs)
             Began as an Octopode Transmuter on Nov 29, 2022.
             Shot with a sling bullet by a goblin (7 damage)
             ... on level 2 of the Dungeon.
             The game lasted 00:02:14 (1756 turns).

LustLizard the Insei (Octopode Transmuter)          Turns: 1756, Time: 00:02:14

Health: -3/28      AC:  1    Str:  9    XL:     4   Next: 19%
Magic:  5/7        EV: 13    Int: 17    God:
Gold:   49         SH:  0    Dex: 12    Spells: 4/7 levels left

rFire   . . .      SeeInvis .     - Unarmed
rCold   . . .      Faith    .   (no shield)
rNeg    . . .      Spirit   .   (helmet currently unavailable)
rPois   .          Reflect  .   (no amulet)
rElec   .          Harm     .   (no ring)
rCorr   .          Rampage  .   (no ring)
Will    .....                   (no ring)
Stlth   +++.......              (no ring)
HPRegen 0.09/turn               (no ring)
MPRegen 0.10/turn               (no ring)
                                (no ring)
                                (no ring)

@: appendages (expiring), very slightly contaminated
A: tentacle spike 3, almost no armour, amphibious, 8 rings, camouflage 1,
gelatinous body 1, (nimble swimmer 1), tentacles
a: End Transformation


You were on level 2 of the Dungeon.
One of your tentacles had grown a beastly spike.
You visited 1 branch of the dungeon, and saw 2 of its levels.

You collected 49 gold pieces.

Inventory:

Scrolls
 c - 2 scrolls of identify {unknown}
 d - a scroll of teleportation {unknown}
 e - a scroll of fog {unknown}
 g - a scroll of fear {unknown}
Potions
 a - a potion of lignification
 b - a potion of might {unknown}
 f - a potion of haste {unknown}
 h - a potion of berserk rage {unknown}


   Skills:
 + Level 1.6 Fighting
 - Level 2.0 Dodging
 + Level 1.9 Stealth
 + Level 3.4 Unarmed Combat
 + Level 2.4 Spellcasting
 * Level 3.0 Transmutations


You had 4 spell levels left.
You knew the following spells:

 Your Spells              Type           Power      Damage    Failure   Level
a - Beastly Appendage     Tmut           24%        N/A       5%          1
b - Wereblood             Tmut           12%        N/A       9%          2

Your spell library contained the following spells:

 Spells                   Type           Power      Damage    Failure   Level
 Spider Form              Tmut/Pois      7%         N/A       30%         3
 Ice Form                 Ice/Tmut       7%         N/A       69%         4


Dungeon Overview and Level Annotations

Branches:
Dungeon (2/15)

Altars:


Innate Abilities, Weirdness & Mutations

One of your tentacles has grown a beastly spike.
You cannot wear most types of armour.
You are amphibious.
You can wear up to eight rings at the same time.
Your skin changes colour to match your surroundings (Stealth+).
Your rubbery body absorbs attacks. (AC +1, EV +1)
((You are camouflaged when in or above water. (Stealth+)))
You have tentacles for arms and can constrict up to eight enemies at once.


Message History

The goblin misses you. The hobgoblin hits you.
The goblin hits you with a +0 dagger.
You are too injured to fight recklessly!
Unknown command.
Casting: Beastly Appendage (safe; 5% risk of failure)
Confirm with . or Enter, or press ? or * to list all spells.
You miscast Wereblood.
You are very lightly contaminated with residual magic.
Nothing appears to happen.
You constrict the goblin. The hobgoblin misses you.
The goblin barely misses you. The goblin hits you with a +0 dagger.
You barely miss the goblin. Your grab misses the goblin.
You squeeze the goblin.
You kill the goblin!
You constrict the goblin. The hobgoblin misses you.
The goblin hits you but does no damage.
Unknown command.
You barely miss the goblin.
You pierce the goblin.
You kill the goblin!
Your transformation is almost over.
The hobgoblin closely misses you.
You tentacle-slap the hobgoblin but do no damage.
Your grab misses the hobgoblin. The hobgoblin closely misses you.
The goblin shoots a sling bullet.
The sling bullet closely misses you.
You barely miss the hobgoblin. You grab the hobgoblin.
You squeeze the hobgoblin.
The hobgoblin is heavily wounded.
You constrict the hobgoblin, but do no damage.
The hobgoblin closely misses you.
You tentacle-slap the hobgoblin but do no damage.
The hobgoblin is heavily wounded.
You constrict the hobgoblin. The hobgoblin closely misses you.
The goblin shoots a sling bullet.
The sling bullet hits you.
* * * LOW HITPOINT WARNING * * *
You tentacle-slap the hobgoblin.
You kill the hobgoblin!
The goblin shoots a sling bullet.
The sling bullet hits you.
* * * LOW HITPOINT WARNING * * *
Your Transmutations skill increases to level 3!
The goblin shoots a sling bullet.
The sling bullet hits you!
You die...

#### #.. ##.#########
#..@.).....| #.##)†.....#
#.##.......# ### #####
#.##.......# ..#
#...######.##..~....# #.#
#...........#..≈≈≈~≈#
#.###.....(.....#≈≈≈g≈≈≈#
#.##............####'####
................###


You could see a goblin.

Vanquished Creatures
  An adder (D:2)
  4 dart slugs
  3 bats
  4 endoplasms (D:1)
  5 giant cockroaches
  8 goblins
  4 hobgoblins
  5 kobolds
  A quokka (D:1)
  4 ball pythons
  A frilled lizard (D:1)
  4 rats
44 creatures vanquished.

Notes
Turn   | Place    | Note
-------+----------+-------------------------------------------
     0 | D:1      | LustLizard the Octopode Transmuter began the quest for the
                  | Orb.
     0 | D:1      | Reached XP level 1. HP: 13/13 MP: 3/3
    72 | D:1      | Reached XP level 2. HP: 16/18 MP: 5/5
   324 | D:1      | Reached skill level 1 in Stealth
   580 | D:1      | Learned a level 2 spell: Wereblood
   633 | D:1      | Reached XP level 3. HP: 23/23 MP: 6/6
  1543 | D:2      | Reached XP level 4. HP: 25/28 MP: 5/7
  1756 | D:2      | Shot with a sling bullet by a goblin

Illustrated notes

Levels and vault maps discovered:
D:1:      lightli_arrival_maybe_door_vault, layout_loops_ring, minmay_cut_off
D:2:      layout_rooms, serial_aquarium, aquarium_bridge_square
          [aquarium_subvault_bridge, aquarium_subvault_bridge,
          aquarium_subvault_wall, aquarium_subvault_window], aquarium_window_1,
          aquarium_window_fake, aquarium_view_2a, aquarium_view_2a,
          aquarium_balcony_1a, grunt_decor_arrowhead, minmay_goblin_outpost

Skill      XL: |  1  2  3  4 |
---------------+-------------+-----
Stealth        | 1 |  1.9
Transmutations | 3 |  3.0
Fighting       | |  1.6
Dodging        | |  2.0
Unarmed Combat | |  3.4
Spellcasting   | |  2.4

Action                   |  1- 3 |  4- 6 || total
-------------------------+-------+-------++-------
Melee: Unarmed           |    78 |     9 ||    87
       Constrict         |    22 |     3 ||    25
       Tentacles         |    12 |     2 ||    14
       Kick              |     8 |     2 ||    10
       Punch             |     1 |       ||     1
 Cast: Beastly Appendage |     6 |     1 ||     7
       Wereblood         |     1 |       ||     1
 Stab: Sleeping          |    11 |       ||    11
Armor: Skin              |     7 |     1 ||     8
Dodge: Dodged            |    59 |    10 ||    69
